cohdb
Replays
Latest Replays
All Replays
Popular Replays
Top Player Replays
Match Explorer
How It Works
Community
CoH3 Stats
Reddit
Sign in to upload your games and track your stats! →
Sign in with Steam
Match 45931260
Unlisted
Match 45931260
Overview
Messages
Build Orders
End
Construct Barracks
Selects Heavy Weapons
1⁄4-ton 4x4 Truck
Riflemen Squad
Riflemen Squad
Riflemen Squad
Riflemen Squad
Selects M2HB .50cal Heavy Machine Gun
Infantry Support Center
Construct Motor Pool
M8 Greyhound Armored Car
Construct Medical Station
Selects Rapid Reposition
Advanced Logistics
Engineer Squad
Grenade Package
Construct Weapon Support Center
M1 Anti-tank Gun Team
Selects Bolstered Team Weapons
M1919 Machine Gun Team
Selects Assault Carriers
M1 Anti-tank Gun Team
M1919 Machine Gun Team
Survival Training
Selects Exchangeable Parts
a_rotator
Nostalgi@
0
0
Comments
sign in to comment!
No comments posted yet!